 Dungeon Crawl Stone Soup version 0.27.1-33-g824d729ab1 (webtiles) character file.

Game seed: 848911050177001893

197 pkoi the Insei (level 5, -2/40 HPs)
             Began as a Draconian Transmuter on Dec 31, 2021.
             Slain by a phantom (8 damage)
             ... on level 3 of the Dungeon.
             The game lasted 00:07:27 (4260 turns).

pkoi the Insei (Draconian Transmuter)               Turns: 4260, Time: 00:07:27

Health: -2/40      AC:  6    Str: 12    XL:     5   Next: 46%
Magic:  5/8        EV: 12    Int: 14    God:
Gold:   125        SH:  0    Dex: 12    Spells: 6/9 levels left

rFire    . . .     SeeInvis .   a - +1 dagger (holy)
rCold    . . .     Faith    .   (no shield)
rNeg     . . .     Spirit   .   (armour unavailable)
rPois    .         Reflect  .   (helmet currently unavailable)
rElec    .         Harm     .   d - +0 cloak
rCorr    .         Rampage  .   (no gloves)
Will     .....                  (boots currently unavailable)
Stlth    +.........             (no amulet)
HPRegen  0.13/turn              (no ring)
MPRegen  0.11/turn              (no ring)

@: appendages (expiring), wereblooded
A: horns 2, talons 2, AC +5, unfitting armour, cold-blooded
a: End Transformation


You were on level 3 of the Dungeon.
You had temporarily grown beastly horns and talons.
You visited 1 branch of the dungeon, and saw 3 of its levels.

You collected 125 gold pieces.

Inventory:

Hand Weapons
 a - a +1 dagger of holy wrath (weapon)
 k - a +1 spear of venom
 o - a +0 short sword of venom
Missiles
 n - 3 poisoned darts
Armour
 b - a +1 hat (melded)
 d - a +0 cloak (worn)
Jewellery
 l - a +4 ring of evasion
Scrolls
 c - a scroll of holy word {unknown}
 f - 2 scrolls of identify {unknown}
 i - a scroll of summoning {unknown}
 j - a scroll of teleportation {unknown}
 m - a scroll of enchant armour {unknown}
 p - a scroll of magic mapping {unknown}
Potions
 e - a potion of brilliance {unknown}
 g - a potion of haste {unknown}
 h - 3 potions of mutation {unknown}


   Skills:
 - Level 1.1 Fighting
 - Level 1.7 Dodging
 * Level 5.5 Unarmed Combat
 + Level 2.6 Spellcasting
 + Level 2.8 Transmutations


You had 6 spell levels left.
You knew the following spells:

 Your Spells              Type           Power      Damage    Failure   Level
a - Beastly Appendage     Tmut           18%        N/A       7%          1
b - Wereblood             Tmut           9%         N/A       11%         2

Your spell library contained the following spells:

 Spells                   Type           Power      Damage    Failure   Level
 Spider Form              Tmut/Pois      2%         N/A       36%         3
 Ice Form                 Ice/Tmut       5%         N/A       77%         4


Dungeon Overview and Level Annotations

Branches:
Dungeon (3/15)

Altars:

Shops:
D:3 (


Innate Abilities, Weirdness & Mutations

You have temporarily grown beastly horns and talons.
Your plain brown scales are hard. (AC +5)
You cannot fit into any form of body armour.
You are cold-blooded and may be slowed by cold attacks.


Message History

You are too injured to fight recklessly!
You are too injured to fight recklessly!
You are too injured to fight recklessly!
You are too injured to fight recklessly!
You are too injured to fight recklessly!
You closely miss the phantom. The phantom barely misses you.
You hit the phantom but do no damage.
Your tail-slap misses the phantom.
The phantom hits you but does no damage.
You hit the phantom.
The phantom convulses.
The phantom is lightly damaged.
The phantom misses you.
You hit the phantom but do no damage.
Your tail-slap misses the phantom.
The phantom is lightly damaged.
The phantom misses you.
You closely miss the phantom.
The phantom is lightly damaged.
The phantom completely misses you.
Casting: Wereblood (safe; 11% risk of failure)
Confirm with . or Enter, or press ? or * to list all spells.
You grow a pair of large bovine horns.
Your feet morph into talons.
Your +1 hat melds into your body.
The phantom hits you!
* * * LOW HITPOINT WARNING * * *
Casting: Beastly Appendage (safe; 7% risk of failure)
Confirm with . or Enter, or press ? or * to list all spells.
Your blood is infused with primal strength.
The phantom hits you.
* * * LOW HITPOINT WARNING * * *
The phantom blinks!
You blink.
The phantom hits you.
* * * LOW HITPOINT WARNING * * *
You completely miss the phantom. Your kick misses the phantom.
You headbutt the phantom.
The phantom is lightly damaged.
The phantom hits you.
* * * LOW HITPOINT WARNING * * *
You hit the phantom.
The phantom convulses.
You tail-slap the phantom.
The phantom is lightly damaged.
Your transformation is almost over.
The phantom hits you!
You die...

.......#####.#######...######.##.
####.#.......# #...# #....
#.....###W# #...# #####
#####..###.## ##...# #
#......W....# #....#
###.#########.#####....# ....#
.#.<##)...# ##### .##W##.#### #
.##@##.##### .#.........####
.##........<..# ##..#.#...##.#
#...#.##.###.# #######..#....#
#.##### #........###..###.#...#
#.#####.........#.....#
#.#####.........###...#


You could see a phantom.

Vanquished Creatures
  An orc wizard (D:3)
  3 gnolls (D:2)
  4 adders
  3 worms (D:2)
  A dart slug (D:2)
  5 orcs (D:3)
  10 endoplasms
  4 hobgoblins
  4 quokkas
  7 ball pythons
  10 bats
  7 frilled lizards
  14 goblins
  11 kobolds
  7 rats
91 creatures vanquished.

Vanquished Creatures (others)
  9 plants (D:1)
9 creatures vanquished.

Grand Total: 100 creatures vanquished

Notes
Turn   | Place    | Note
-------+----------+-------------------------------------------
     0 | D:1      | pkoi the Draconian Transmuter began the quest for the Orb.
     0 | D:1      | Reached XP level 1. HP: 16/16 MP: 3/3
   311 | D:1      | Reached XP level 2. HP: 17/23 MP: 3/5
   525 | D:1      | Found a faded altar of an unknown god.
   596 | D:1      | Reached skill level 4 in Unarmed Combat
   790 | D:1      | Learned a level 2 spell: Wereblood
  1158 | D:1      | Reached XP level 3. HP: 28/28 MP: 2/6
  2116 | D:2      | Reached XP level 4. HP: 17/35 MP: 4/7
  2612 | D:2      | Reached skill level 5 in Unarmed Combat
  3298 | D:3      | Reached XP level 5. HP: 40/40 MP: 4/8
  3635 | D:3      | Found Zigah's Antique Weapon Emporium.
  4133 | D:3      | Noticed a phantom
  4260 | D:3      | Slain by a phantom

Illustrated notes

Levels and vault maps discovered:
D:1:      eino_arrival_tree_alley, layout_loops_corners,
          ebering_ecumenical_altar_rust
D:2:      minmay_recursive_quarters, layout_basic, minmay_octomino_e4
D:3:      layout_loops_cross, serial_shops, nicolae_shop_behind_doors,
          minmay_crystal_room

Skill      XL: |  1  2  3  4 |
---------------+-------------+-----
Unarmed Combat | 4 5 |  5.5
Fighting       | |  1.1
Dodging        | |  1.7
Spellcasting   | |  2.6
Transmutations | |  2.8

Action                   |  1- 3 |  4- 6 || total
-------------------------+-------+-------++-------
Melee: Unarmed           |   146 |    89 ||   235
       Kick              |    17 |     7 ||    24
       Headbutt          |     4 |     8 ||    12
       Tailslap          |    10 |    10 ||    20
       Punch             |       |     2 ||     2
       Short sword       |       |    26 ||    26
       Dagger            |       |    12 ||    12
 Cast: Beastly Appendage |    18 |    14 ||    32
       Wereblood         |    11 |    11 ||    22
 Stab: Sleeping          |     2 |     1 ||     3
Armor: Skin              |    58 |    31 ||    89
Dodge: Dodged            |   111 |    67 ||   178
